 Dungeon Crawl Stone Soup version 0.30.1 (webtiles) character file.

Game seed: 11212680475889411756

95 Graphine the Ducker (level 4, 0/34 HPs)
             Began as a Merfolk Gladiator on July 2, 2023.
             Was an Initiate of the Shining One.
             Killed by divine providence
             ... invoked by an orc priest
              (8 damage)
             ... on level 3 of the Dungeon.
             The game lasted 00:03:48 (1422 turns).

Graphine the Ducker (Merfolk Gladiator)             Turns: 1422, Time: 00:03:49

Health: 0/34       AC:  4    Str: 14    XL:     4   Next: 65%
Magic:  5/5        EV: 14    Int:  7    God:    the Shining One [......]
Gold:   104        SH:  0    Dex: 17    Spells: 3/3 levels left

rFire   . . .        a - +1 long sword
rCold   . . .        (no shield)
rNeg    . . .        b - +0 leather armour
rPois   .            c - +0 helmet
rElec   .            (no cloak)
rCorr   .            (no gloves)
SInv    .            (no boots)
Will    .....        (no amulet)
Stlth   +            (no ring)
HPRegen 0.25/turn    (no ring)
MPRegen 0.09/turn

%: no passive effects
@: glowing
A: (nimble swimmer 2), mertail
a: Renounce Religion


You were on level 3 of the Dungeon.
You worshipped the Shining One.
The Shining One was noncommittal.
You visited 1 branch of the dungeon, and saw 3 of its levels.

You collected 104 gold pieces.

Inventory:

Hand Weapons
 a - a +1 long sword (weapon)
Missiles
 d - a throwing net (quivered)
Armour
 b - a +0 leather armour (worn)
 c - a +0 helmet (worn)
Jewellery
 l - a ring of willpower
Scrolls
 f - 3 scrolls of teleportation
 m - a scroll of amnesia
Potions
 g - 2 potions of curing
 h - 3 potions of might
 i - 2 potions of attraction
 j - a potion of haste {unknown}
 o - a potion of flight {unknown}


   Skills:
 + Level 2.8 Fighting
 * Level 4.3 Long Blades
 * Level 2.8 Throwing
 * Level 4.9 Dodging
 * Level 1.5 Invocations


You had 3 spell levels left.
You didn't know any spells.
Your spell library was empty.

Dungeon Overview and Level Annotations

Branches:
Dungeon (3/15)

Altars:
The Shining One

Shops:
D:1 ?


Innate Abilities, Weirdness & Mutations

((You are very nimble when in or above water. (Stealth+, EV+, Speed+++)))
Your lower body shifts to a powerful aquatic tail in water.


Message History

The orc priest shouts!
The orc priest invokes the aid of Beogh against you.
Pain shoots through your body!
Things that are here:
a +0 short sword; a +0 leather armour; an orc corpse You are too injured to fight recklessly!
You are too injured to fight recklessly!
You are too injured to fight recklessly!
You are too injured to fight recklessly!
You are too injured to fight recklessly!
You are too injured to fight recklessly!
Hit: a) +1 long sword
Press: ? - help, Dir - move target, f - orc priest
Aim: an orc priest, wielding a +0 short sword (about 37% to evade your +1 long sword)
You hit the orc priest.
The orc priest is lightly wounded.
The orc priest barely misses you.
Hit: a) +1 long sword
Press: ? - help, Dir - move target, f/p - orc priest
Aim: an orc priest, wielding a +0 short sword (lightly wounded, about 37% to evade your +1 long sword)
You barely miss the orc priest.
The orc priest is lightly wounded.
The orc priest calls down the wrath of Beogh upon you.
Pain shoots through your body! The orc priest completely misses you.
Hit: a) +1 long sword
Press: ? - help, Dir - move target, f/p - orc priest
Aim: an orc priest, wielding a +0 short sword (lightly wounded, about 37% to evade your +1 long sword)
You hit the orc priest.
The orc priest is lightly wounded.
The orc priest mumbles some strange prayers to Beogh against you.
Beogh smites you!
* * * LOW HITPOINT WARNING * * *
Hit: a) +1 long sword
Press: ? - help, Dir - move target, f/p - orc priest
Aim: an orc priest, wielding a +0 short sword (lightly wounded, about 37% to evade your +1 long sword)
You closely miss the orc priest.
The orc priest is lightly wounded.
The orc priest calls down the wrath of Beogh upon you.
Beogh smites you!
You die...

.. . ... ..# ..o .##..
..# .... .... #.# .$..#
#..# ##.# #...# #..#
#..#####
.....###..###.......##.
#...$......#.o......
#(.........#@#
#.....###..###..)#
##... #..# ##.)######
#.. ##..## ##......# ##
##....####......#
##..##..##..<....#
..................#
####.?.............#
#################


You could see an orc priest.

Vanquished Creatures
  An orc priest (D:3)
  Natasha (D:3)
  A worm (D:2)
  A dart slug (D:2)
  2 orcs (D:3)
  5 bats
  A goblin (D:2)
  4 hobgoblins
  3 jackals (D:1)
  A quokka (D:2)
  5 ball pythons
  2 frilled lizards
  3 kobolds
  4 rats
34 creatures vanquished.

Notes
Turn   | Place    | Note
-------+----------+-------------------------------------------
     0 | D:1      | Graphine the Merfolk Gladiator began the quest for the Orb.
     0 | D:1      | Reached XP level 1. HP: 16/16 MP: 1/1
   168 | D:1      | Reached XP level 2. HP: 20/23 MP: 2/2
   581 | D:1      | Found Gohuf's Magic Scroll Emporium.
   635 | D:2      | Found a glowing golden altar of the Shining One.
   638 | D:2      | Became a worshipper of the Shining One
   741 | D:2      | Reached XP level 3. HP: 26/28 MP: 3/3
   825 | D:2      | Found a faded altar of an unknown god.
  1313 | D:3      | Noticed Natasha
  1321 | D:3      | Killed Natasha
  1322 | D:3      | Reached skill level 1 in Invocations
  1322 | D:3      | Reached XP level 4. HP: 15/34 MP: 4/4
  1422 | D:3      | Killed from afar by an orc priest

Illustrated notes

Levels and vault maps discovered:
D:1:      minmay_arrival_doors, layout_rooms, serial_corexii_hall,
          chequers_hall_statues_corner_a, corexii_hall_statues_deadend,
          chequers_hall_statues_wall_a, serial_shops, nicolae_shop_rolled_up
D:2:      minmay_wonky_spiral, layout_rooms, basic_altar,
          hellmonk_ecumenical_altar_zigzags
D:3:      layout_basic, palyth_stone_intersect, minmay_tree_intersection,
          bh_walls_and_bars, uniq_ijyb, uniq_natasha

Skill      XL: |  1  2  3 |
---------------+----------+-----
Long Blades    | 4 |  4.3
Invocations    | 1 |  1.5
Fighting       | |  2.8
Throwing       | |  2.8
Dodging        | |  4.9

Action                     |  1- 3 |  4- 6 || total
---------------------------+-------+-------++-------
  Melee: Long sword        |    87 |    16 ||   103
         Punch             |     2 |       ||     2
  Throw: Throwing net      |     2 |       ||     2
         Javelin           |     1 |       ||     1
    Use: Scroll            |     7 |       ||     7
   Stab: Sleeping          |     1 |       ||     1
 Armour: Leather armour    |    24 |     2 ||    26
  Dodge: Dodged            |    72 |     8 ||    80
